 Dungeon Crawl Stone Soup version 0.16-a0-764-g7febf84 (webtiles) character file.

8155 Gorice the Quickloader (level 11, -10/78 HPs)
             Began as a Demonspawn Wanderer on Sept 21, 2014.
             Was a High Priest of Okawaru.
             Mangled by a hill giant
             ... wielding a +0 giant spiked club
              (26 damage)
             ... on Level 10 of the Dungeon on Sept 24, 2014.
             The game lasted 01:41:25 (9534 turns).

Gorice the Quickloader (Demonspawn Wanderer)        Turns: 9534, Time: 01:41:25

HP -10/78        AC 11     Str 16      XL: 11   Next:  6%
MP  19/20        EV 15     Int 13      God: Okawaru [*****.]
Gold 609         SH  0     Dex 13      Spells:  2 memorised, 12 levels left

rFire  + . .     SeeInvis +     b - +0 arbalest
rCold  . . .     Clarity  .     q - +1 leather armour {rF+}
rNeg   . . .     rCorr    .     (no shield)
rPois  .         rRot     +     (no helmet)
rElec  .         Spirit   .     T - +1 cloak
SustAb .         Warding  .     (no gloves)
rMut   .         Stasis   .     G - +0 pair of boots
Gourm  .                        r - amulet of faith
MR     .....                    V - ring of see invisible
                                p - +1 ring of strength

@: not resistant to hostile enchantments, very unstealthy
A: claws 2, rough black scales 1, foul stench 1, rot immunity
a: Heroism, Finesse, Renounce Religion


You were on level 10 of the Dungeon.
You worshipped Okawaru.
Okawaru was extremely pleased with you.
You were not hungry.

You visited 2 branches of the dungeon, and saw 11 of its levels.
You also visited: Sewer.

You collected 609 gold pieces.

Inventory:

Hand weapons
 a - a +2 whip of draining
 b - a +0 arbalest (weapon)
 v - a +0 dagger of distortion
 P - a +3 hand crossbow
Missiles
 k - 7 steel bolts (quivered)
 n - 6 steel tomahawks
 J - 7 bolts of penetration
 M - 7 bolts
 R - 3 silver bolts
 S - 12 poisoned bolts
 Y - a throwing net
 Z - 85 stones
Armour
 q - a +1 leather armour of fire resistance (worn)
 G - a +0 pair of boots (worn)
 T - a +1 cloak (worn)
Magical devices
 e - a wand of polymorph (9)
 i - a wand of flame (5)
 s - a wand of digging (13)
 Q - a wand of polymorph (19)
Comestibles
 o - 3 beef jerkies
 u - 2 rotting chunks of quokka flesh
 z - 6 meat rations
Scrolls
 c - 3 scrolls of teleportation
 h - 2 scrolls of remove curse
 l - a scroll of magic mapping
 w - 2 scrolls of fog
Jewellery
 j - an uncursed ring of fire
 p - a +1 ring of strength (left claw)
 r - an amulet of faith (around neck)
 V - a ring of see invisible (right claw)
Potions
 d - 2 potions of curing
 g - 3 potions of agility
 m - a potion of resistance
 t - a potion of restore abilities
 D - 5 potions of might
Magical staves
 f - an uncursed staff of summoning


   Skills:
 - Level 4.5 Fighting
 + Level 12.1 Crossbows
 - Level 1.0 Throwing
 + Level 8.5 Dodging
 - Level 1.0 Stealth
 - Level 2.0 Spellcasting
   Level 1.0 Hexes
 + Level 5.3 Invocations


You had 12 spell levels left.
You knew the following spells:

 Your Spells              Type           Power        Failure   Level  Hunger
a - Apportation           Tloc           #.........   24%         1    ##.....
b - Summon Butterflies    Summ           #.......     24%         1    ##.....


Dungeon Overview and Level Annotations

Branches:
Dungeon (10/15)            Temple (1/1) D:4            Lair (0/8) D:10
    Orc: D:9-12

Altars:
Ashenzari
Cheibriados
Dithmenos
Elyvilon
Fedhas
Gozag
Kikubaaqudgha
Makhleb
Nemelex Xobeh
Okawaru
Qazlal
Ru
Sif Muna
Trog
Vehumet
Xom
Yredelemnul
Zin
The Shining One

Shops:
D:5 %   D:9 =   D:10 *

Annotations:
D:4 Mamalob's ghost, average OgBe
D:9 vpUX: temple access from D10


Innate Abilities, Weirdness & Mutations

You have very sharp fingernails.
You are partially covered in rough black scales (AC +4, Dex -1).
You emit a foul stench.
You are immune to rotting.


Message History

You shoot a steel bolt. The steel bolt hits the yaktaur!
The yaktaur is severely wounded.
The yaktaur is engulfed in dark miasma.
The yaktaur looks even sicker.
The yaktaur hits you.
Firing (i - inventory. (,) - cycle):
k - 9 steel bolts (quivered)
Press: ? - help, Shift-Dir - straight line, f/p - yaktaur
Aim: a yaktaur (foul pestilence, severely wounded, slow, poisoned)
You shoot a steel bolt. The steel bolt hits the yaktaur!
You kill the yaktaur!
Okawaru accepts your kill.
Firing (i - inventory. (,) - cycle):
k - 8 steel bolts (quivered)
Press: ? - help, Shift-Dir - straight line, f - hill giant
Aim: a hill giant, wielding a giant spiked club You shoot a steel bolt.
The steel bolt hits the hill giant.
The hill giant is lightly wounded.
The hill giant hits you with a giant spiked club!
* * * LOW HITPOINT WARNING * * *
Unknown command.
The hill giant hits you with a giant spiked club!!
You die...

...#......# #.##.............
...#......###.##..............
...#.....[...))................
...#..................##........
....#####.......[...............
#......##.......................
#......##................(.......
#...............###...#.(........
..........[.....@.#(..#(.........
.....##.........#C§.(((.........
......#.........#.######....####
......#.........#.# .....#
................#.# .....#
.....#..........#.# .....#
.....#..........#.# ......#
..........###+###.#


cg... ................... . You could see a hill giant.

Vanquished Creatures
  A hill giant (D:7)
  A griffon (D:10)
  Psyche (D:10)
  A yaktaur (D:10)
  A fire drake (D:10)
  A two-headed ogre (D:9)
  2 wyverns
  6 yaks
  A wraith (D:10)
  Eustachio (D:5)
  2 hungry ghosts
  A tengu zombie (D:10)
  2 orc warriors
  2 phantoms
  2 ice beasts
  3 sky beasts
  5 ogres
  2 big kobolds
  Sigmund (D:2)
  6 centaurs
  4 giant frogs
  3 scorpions
  6 killer bees (D:7)
  4 crimson imps
  A goliath beetle (D:9)
  7 orc priests
  2 centaur skeletons
  5 hounds
  2 quasits
  An elf zombie (D:9)
  2 jellies
  3 kobold zombies
  7 orc wizards
  Natasha (thrice) (D:5)
  2 iguanas
  5 worker ants
  A big kobold zombie (D:10)
  Jessica (D:2)
  A hound zombie (D:6)
  A mummy (D:9)
  An orc zombie (D:6)
  3 green rats (Sewer)
  7 gnolls
  A gnoll zombie (D:9)
  4 shadow imps
  20 adders
  2 giant mites (D:3)
  An inept item mimic (D:2)
  4 worms
  2 iguana zombies
  2 orc skeletons
  3 oozes
  41 orcs
  13 ball pythons
  9 bats
  A bat skeleton (D:4)
  A bat zombie (D:3)
  10 giant cockroaches
  15 goblins
  22 hobgoblins
  6 jackals
  3 quokkas
  6 giant geckos
  4 giant newts
  2 goblin skeletons (D:4)
  A hobgoblin skeleton (D:3)
  A jackal skeleton (D:5)
  25 kobolds
  44 rats
  2 rat skeletons
359 creatures vanquished.

Notes
Turn   | Place    | Note
--------------------------------------------------------------
     0 | D:1      | Gorice, the Demonspawn Wanderer, began the quest for the Orb.
     0 | D:1      | Reached XP level 1. HP: 18/18 MP: 3/3
   109 | D:1      | Gained mutation: You have sharp fingernails. [demonic ancestry]
   109 | D:1      | Reached XP level 2. HP: 24/24 MP: 4/4
   439 | D:1      | Gained mutation: You have very sharp fingernails. [demonic ancestry]
   439 | D:1      | Reached XP level 3. HP: 29/29 MP: 6/6
  1218 | D:2      | Gained mutation: You are immune to rotting. [demonic ancestry]
  1218 | D:2      | Reached XP level 4. HP: 33/36 MP: 7/7
  1328 | D:2      | Noticed Sigmund
  1333 | D:2      | Killed Sigmund
  1333 | D:2      | Reached skill level 4 in Fighting
  1333 | D:2      | Gained mutation: You are partially covered in rough black scales (AC +4, Dex -1). [demonic ancestry]
  1333 | D:2      | Reached XP level 5. HP: 40/42 MP: 9/9
  1522 | D:2      | Noticed Jessica
  1524 | D:2      | Killed Jessica
  1960 | D:3      | Found a glowing drain.
  1999 | Sewer    | Entered a sewer
  2125 | Sewer    | Reached XP level 6. HP: 45/49 MP: 10/10
  2185 | Sewer    | Reached skill level 5 in Crossbows
  2328 | Sewer    | Reached skill level 1 in Dodging
  2947 | D:4      | Noticed Mamalob's ghost (average OgBe)
  2962 | D:4      | Reached XP level 7. HP: 40/55 MP: 12/12
  2993 | D:4      | Reached skill level 6 in Crossbows
  3602 | D:4      | Found a staircase to the Ecumenical Temple.
  3626 | Temple   | Entered the Ecumenical Temple
  3627 | Temple   | Upgraded the game from 0.16-a0-715-g16937c4 to 0.16-a0-734-gc254e8c
  3718 | Temple   | Became a worshipper of Warmaster Okawaru
  4256 | D:5      | Entered Level 5 of the Dungeon
  4307 | D:5      | Reached skill level 7 in Crossbows
  4366 | D:5      | Found Twauceuw's Food Shop.
  4422 | D:5      | Acquired Okawaru's first power
  4515 | D:5      | Reached XP level 8. HP: 61/61 MP: 13/13
  4585 | D:5      | Noticed Eustachio
  4596 | D:5      | Killed Eustachio
  4714 | D:5      | Reached skill level 8 in Crossbows
  4971 | D:5      | Found an ancient bone altar of Kikubaaqudgha.
  4998 | D:5      | Noticed Natasha
  5003 | D:5      | Killed Natasha
  5093 | D:5      | Noticed Natasha
  5094 | D:5      | Killed Natasha
  5485 | D:5      | Noticed Natasha
  5487 | D:5      | Killed Natasha
  5667 | D:6      | Reached skill level 5 in Dodging
  5692 | D:6      | Reached skill level 9 in Crossbows
  5692 | D:6      | Reached XP level 9. HP: 59/66 MP: 14/14
  6271 | D:7      | Noticed a hill giant
  6379 | D:7      | Killed a hill giant
  6379 | D:7      | Reached skill level 10 in Crossbows
  6466 | D:7      | Learned a level 1 spell: Apportation
  6512 | D:7      | Learned a level 1 spell: Summon Butterflies
  7037 | D:8      | Found a shadowy altar of Dithmenos.
  7094 | D:8      | Received a gift from Okawaru
  7346 | D:8      | Received a gift from Okawaru
  7487 | D:8      | Received a gift from Okawaru
  7527 | D:8      | Reached XP level 10. HP: 61/73 MP: 16/16
  7649 | D:9      | Reached skill level 11 in Crossbows
  7686 | D:9      | Found Klirgh's Jewellery Shop.
  8200 | D:9      | Received a gift from Okawaru
  8300 | D:9      | Found a white marble altar of Elyvilon.
  8471 | D:7      | Acquired Okawaru's second power
  8502 | D:7      | Received a gift from Okawaru
  8849 | D:10     | Entered Level 10 of the Dungeon
  8981 | D:9      | Reached skill level 1 in Invocations
  9150 | D:9      | Received a gift from Okawaru
  9312 | D:10     | Received a gift from Okawaru
  9341 | D:10     | Found a staircase to the Lair.
  9342 | D:10     | Upgraded the game from 0.16-a0-734-gc254e8c to 0.16-a0-764-g7febf84
  9345 | D:10     | Noticed Psyche
  9352 | D:10     | Killed Psyche
  9352 | D:10     | Reached skill level 12 in Crossbows
  9367 | D:10     | Found Mij Heaq's General Store.
  9509 | D:10     | Noticed a griffon
  9510 | D:10     | Noticed a hill giant
  9522 | D:10     | Killed a griffon
  9522 | D:10     | Reached skill level 5 in Invocations
  9522 | D:10     | Gained mutation: You emit a foul stench. [demonic ancestry]
  9522 | D:10     | Reached XP level 11. HP: 47/78 MP: 19/19
  9525 | D:10     | Received a gift from Okawaru
  9534 | D:10     | Mangled by a hill giant

Action                   |  1- 3 |  4- 6 |  7- 9 | 10-12 || total
-------------------------+-------+-------+-------+-------++-------
Melee: Whip              |    10 |    49 |   198 |   126 ||   383
 Fire: Hand crossbow     |    63 |   164 |   337 |    63 ||   627
       Arbalest          |       |       |       |   145 ||   145
Throw: Stone             |     1 |     1 |    31 |       ||    33
       Throwing net      |       |       |     5 |       ||     5
 Cast: Apportation       |       |       |     1 |       ||     1
Invok: Heroism           |       |       |     1 |     1 ||     2
Evoke: Wand              |       |       |     2 |     3 ||     5
  Use: Scroll            |       |    15 |     7 |     2 ||    24
       Potion            |       |     2 |       |     1 ||     3
  Eat: Chunk             |     1 |     5 |    15 |     5 ||    26
       Pizza             |       |       |       |     1 ||     1
